 Dungeon Crawl Stone Soup version 0.24.0-13-gcf9b3192b9 (webtiles) character file.

Game seed: 1735292829747503586, levelgen mode: deterministic

114 Descartes the Gusty (level 4, -5/24 HPs)
             Began as a Tengu Air Elementalist on Nov 5, 2019.
             Slain by a worm (7 damage)
             ... on level 2 of the Dungeon.
             The game lasted 00:08:19 (3100 turns).

Descartes the Gusty (Tengu Air Elementalist)        Turns: 3100, Time: 00:08:23

Health: -5/24      AC:  2    Str:  7    XL:     4   Next: 98%
Magic:  4/8        EV: 13    Int: 16    God:
Gold:   91         SH:  0    Dex: 16    Spells: 7/8 levels left

rFire    + . .     SeeInvis .   f - +0 short sword
rCold    x . .     Gourm    .   (no shield)
rNeg     . . .     Faith    .   a - +0 robe
rPois    .         Spirit   .   (helmet restricted)
rElec    .         Reflect  .   (no cloak)
rCorr    .         Harm     .   (no gloves)
MR       +....                  (boots unavailable)
Stlth    ++........             (no amulet)
HPRegen  0.08/turn              l - ring of fire
MPRegen  0.11/turn              (no ring)

@: no status effects
A: beak, talons 3, agile 1, magic resistance 1, weak 1, MP-powered wands
a: no special abilities


You were on level 2 of the Dungeon.
You were near starving.

You visited 1 branch of the dungeon, and saw 3 of its levels.

You collected 91 gold pieces.

Inventory:

Hand Weapons
 f - a +0 short sword (weapon)
 g - a +0 hunting sling
Missiles
 b - 18 arrows
 i - 9 poisoned darts (quivered)
 k - 69 stones
 s - 4 javelins
 t - 14 bolts
Armour
 a - a +0 robe (worn)
 m - a +0 leather armour
 n - a +0 large shield
 p - a +1 ring mail of fire resistance
Jewellery
 l - a ring of fire (left hand)
Scrolls
 e - 2 scrolls of remove curse {unknown}
 h - 5 scrolls of teleportation {unknown}
 j - a scroll of fear {unknown}
 o - a scroll of identify {unknown}
Potions
 q - a potion of lignification {unknown}
 r - a potion of berserk rage {unknown}
 u - a potion of curing {unknown}
Comestibles
 c - 6 rations


   Skills:
 + Level 0.9 Armour
 + Level 2.8 Dodging
 + Level 2.5 Stealth
 + Level 0.8 Shields
 * Level 2.5 Spellcasting
 * Level 2.9 Conjurations
 * Level 5.0 Air Magic


You had 7 spell levels left.
You knew the following spells:

 Your Spells              Type           Power        Failure   Level  Hunger
a - Shock                 Conj/Air       ##..         3%          1    #......

Your spell library contained the following spells:

 Spells                   Type           Power        Failure   Level  Hunger
 Swiftness                Chrm/Air       ##......     11%         2    ##.....
 Static Discharge         Conj/Air       ##......     12%         3    ###....
 Airstrike                Air            ###.......   24%         4    #####..
 Lightning Bolt           Conj/Air       ##........   71%         5    ######.


Dungeon Overview and Level Annotations

Branches:
Dungeon (3/15)

Altars:
Sif Muna

Annotations:
D:3 Sigmund


Innate Abilities, Weirdness & Mutations

You have a beak for a mouth.
You have claws for feet.
You are agile. (Dex +2)
You are resistant to hostile enchantments. (MR+)
You are weak. (Str -2)
You expend magic power (3 MP) to strengthen your wands.


Message History

The jackal barks!
The weapon returns to the orc!
A puff of flame appears from out of thin air!
The puff of flame hits you. You resist.
* * * LOW HITPOINT WARNING * * *
The worm bites you.
* * * LOW HITPOINT WARNING * * *
The orc hits you with a +0 club.
* * * LOW HITPOINT WARNING * * *
The rat barely misses you.
You climb upwards.
Reactivating autopickup.
There is a stone staircase leading down here.
It was a potion of mutation.
You feel extremely strange.
You feel agile.
You feel resistant to hostile enchantments.
You feel weaker.
You feel your magical essence link to the dungeon's wands.
The orc misses you. The worm bites you!
You die...

#.≈.≈≈≈≈.# #...≈≈.≈.#
#...≈≈.≈.# #...≈≈≈≈≈#
#.≈..≈.≈.# #...≈≈≈≈.#
####### #...≈≈.≈.#
#.....#
#######.≈.≈≈≈.≈###.....#
..........≈..≈.w@w.....#
########.≈≈≈.+##o#######
########.≈≈≈...#.#
.......#.#≈≈#..''###
######.#.#≈##......#
#.....#.#≈###.....#
#.##..#.####......####
#.....###.#.#+####...#
####...#.........##.#.#


You could see 2 worms and an orc.

Vanquished Creatures
  An orc wizard (D:2)
  Terence (D:2)
  2 worms (D:2)
  A dart slug (D:1)
  2 leopard geckos
  3 orcs (D:3)
  6 bats
  3 giant cockroaches
  6 goblins
  4 hobgoblins
  4 jackals
  2 ball pythons (D:1)
  5 frilled lizards
  4 kobolds
  5 rats (D:1)
49 creatures vanquished.

Notes
Turn   | Place    | Note
-------+----------+-------------------------------------------
     0 | D:1      | Descartes the Tengu Air Elementalist began the quest for
                  | the Orb.
     0 | D:1      | Reached XP level 1. HP: 10/10 MP: 4/4
   411 | D:1      | Reached XP level 2. HP: 15/15 MP: 0/6
  1459 | D:1      | Reached XP level 3. HP: 19/19 MP: 5/7
  2241 | D:2      | Noticed Terence
  2250 | D:2      | Killed Terence
  2250 | D:2      | Reached XP level 4. HP: 20/24 MP: 0/8
  2420 | D:2      | Found a shimmering blue altar of Sif Muna.
  2818 | D:3      | Noticed Sigmund
  2950 | D:2      | Reached skill level 5 in Air Magic
  3100 | D:2      | Gained mutation: You are agile. (Dex +2) [potion of
                  | mutation]
  3100 | D:2      | Gained mutation: You are resistant to hostile enchantments.
                  | (MR+) [potion of mutation]
  3100 | D:2      | Gained mutation: You are weak. (Str -2) [potion of
                  | mutation]
  3100 | D:2      | Gained mutation: You expend magic power (3 MP) to
                  | strengthen your wands. [potion of mutation]
  3100 | D:2      | Slain by a worm

Levels and vault maps discovered:
D:1:      dpeg_arrival_subterranean_lakeside_camping, layout_loops_ring
D:2:      layout_basic, overflow_temple_1_default, serial_rivers,
          chequers_serial_rivers_marsh, chequers_serial_rivers_marsh,
          chequers_serial_rivers_micro_b, chequers_serial_rivers_small_3,
          chequers_serial_rivers_micro_c, chequers_serial_rivers_micro_c,
          first_ration, hex_tiny, dk_vineyard_1, uniq_terence
D:3:      layout_rooms, gammafunk_ghost_split, uniq_sigmund

Skill      XL: |  1  2  3  4 |
---------------+-------------+-----
Conjurations   | 2 |  2.9
Air Magic      | 5 |  5.0
Armour         | |  0.9
Dodging        | |  2.8
Stealth        | |  2.5
Shields        | |  0.8
Spellcasting   | |  2.5

Action                   |  1- 3 |  4- 6 || total
-------------------------+-------+-------++-------
Melee: Unarmed           |     2 |       ||     2
       Short sword       |     3 |     3 ||     6
       Kick              |     1 |       ||     1
 Cast: Shock             |    68 |    29 ||    97
  Use: Potion            |       |     1 ||     1
  Eat: Chunk             |     5 |     1 ||     6
Armor: Robe              |     1 |     6 ||     7
Dodge: Dodged            |    15 |    17 ||    32
